ABL
SOUTH SYDNEY RABBITOHS @ WESTS TIGERS
08/19/2022
 
TOP OF THE 1ST
South Sydney Rabbitohs batting - Pitching for Wests Tigers : RHP Steven Webster
Pitching: RHP Steven Webster
Batting: LHB Clint Soper 0-0: Ball
1-0: Ball
2-0: Fly out, F8 (Flyball, 8LS, EV 93.1 MPH)
Batting: RHB Ian Hogan 0-0: Ground out 5-3 (Groundball, 56, EV 89.4 MPH)
Batting: RHB Kirby Hooley 0-0: Foul Ball, location: 2RF
0-1: Ball
1-1: Ball
2-1: Fly out, F3 (Line Drive, 34, EV 68.1 MPH)
Top of the 1st over - 0 runs, 0 hits, 0 errors, 0 left on base; South Sydney 0 - Wests 0
BOTTOM OF THE 1ST
Wests Tigers batting - Pitching for South Sydney Rabbitohs : RHP Keith Bence
Pitching: RHP Keith Bence
Batting: RHB Shane Esmond 0-0: Called Strike
0-1: Ball
1-1: Foul Ball, location: 2F
1-2: Foul Ball, location: 9LSF
1-2: TRIPLE (Line Drive, 78XD, EV 103.1 MPH)
Batting: RHB Joel Farrell 0-0: Fly out, F9 (Flyball, 9LMF, EV 97.5 MPH)
Runner from 3rd tags up, SCORES, throw by RF
Batting: LHB Greyson Leeder 0-0: Called Strike
0-1: Swinging Strike
0-2: Foul Ball, location: 2F
0-2: Strikes out swinging
Batting: RHB Luke Fowke 0-0: Ball
1-0: Foul Ball, location: 7LMF
1-1: Ball
2-1: Fly out, F8 (Flyball, 8LM, EV 79.4 MPH)
Bottom of the 1st over - 1 run, 1 hit, 0 errors, 0 left on base; South Sydney 0 - Wests 1
TOP OF THE 2ND
South Sydney Rabbitohs batting - Pitching for Wests Tigers : RHP Steven Webster
Batting: RHB Pete Vinson 0-0: Foul Ball, location: 3DF
0-1: Called Strike
0-2: Ball
1-2: Ball
2-2: SINGLE (Flyball, 8RS, EV 88.8 MPH)
Batting: RHB Michael Weyman 0-0: Fly out, F8 (Flyball, 8RD, EV 89.4 MPH)
Batting: RHB Arnie Bartelot 0-0: Ball
1-0: Ball
2-0: Called Strike
2-1: Fielders Choice at 2nd, 5-4 (Groundball, 56S, EV 88.8 MPH)
Batting: RHB Axel Winson 0-0: Ball
1-0: Ball
Arnie Bartelot steals 2nd base
2-0: Ball
3-0: Called Strike
3-1: Foul Ball, location: 9LSF
3-2: Foul Ball, location: 2F
3-2: Foul Ball, location: 9LMF
3-2: Base on Balls
Batting: RHB Oliver Trick 0-0: Ball
1-0: Foul Ball, location: 9LSF
1-1: Ball
2-1: SINGLE (Line Drive, 78S, EV 109.4 MPH)
Arnie Bartelot to third
Axel Winson to second
Runner from 3rd tries for Home, SAFE, throw by LF to home
Batting: RHB Keith Bence 0-0: Ball
1-0: DOUBLE (Line Drive, 7LS, EV 110.6 MPH)
Axel Winson scores
Oliver Trick to third
Batting: LHB Clint Soper 0-0: Called Strike
0-1: Called Strike
0-2: Ball
1-2: DOUBLE (Groundball, 3L, EV 110.0 MPH)
Oliver Trick scores
Keith Bence scores
Batting: RHB Ian Hogan 0-0: Called Strike
0-1: Fly out, F7 (Line Drive, 7S, EV 108.1 MPH)
Top of the 2nd over - 4 runs, 4 hits, 0 errors, 1 left on base; South Sydney 4 - Wests 1
BOTTOM OF THE 2ND
Wests Tigers batting - Pitching for South Sydney Rabbitohs : RHP Keith Bence
Batting: LHB Rapata Kaulo 0-0: Ball
1-0: Ball
2-0: Swinging Strike
2-1: Foul Ball, location: 5DF
2-2: Foul Ball, location: 2F
2-2: Foul Ball, location: 2F
2-2: DOUBLE (Line Drive, 3D, EV 100.0 MPH)
Batting: RHB Joe Minto 0-0: Ball
1-0: Called Strike
1-1: Ground out 4-3 (Groundball, 4, EV 103.1 MPH)
Rapata Kaulo to third
Batting: LHB Davin Gilder 0-0: Ball
1-0: Swinging Strike
1-1: Foul Ball, location: 2F
1-2: Ball
2-2: Foul Ball, location: 23F
2-2: SINGLE (Line Drive, 89M, EV 106.3 MPH)
Rapata Kaulo scores
Batting: RHB Paul Llewellyn 0-0: Ball
1-0: Foul Ball, location: 2F
1-1: Fly out, F8 (Line Drive, 8RM, EV 91.9 MPH)
Batting: RHB Steven Webster 0-0: Foul Ball, location: 2F
0-1: Called Strike
0-2: SINGLE (Line Drive, 4MD, EV 110.6 MPH)
Davin Gilder to second
Runner from 2nd tries for 3rd, SAFE, no throw by CF
Batting: RHB Shane Esmond 0-0: Ball
1-0: Foul Ball, location: 23F
1-1: Foul Ball, location: 23FF
1-2: Strikes out swinging
Bottom of the 2nd over - 1 run, 3 hits, 0 errors, 2 left on base; South Sydney 4 - Wests 2
TOP OF THE 3RD
South Sydney Rabbitohs batting - Pitching for Wests Tigers : RHP Steven Webster
Batting: RHB Kirby Hooley 0-0: Ball
1-0: Ball
2-0: Foul Ball, location: 9LMF
2-1: Called Strike
2-2: Ground out 5-3 (Groundball, 5L, EV 97.5 MPH)
Batting: RHB Pete Vinson 0-0: Ball
1-0: Swinging Strike
1-1: Ground out U3 (Groundball, 3L, EV 83.1 MPH)
Batting: RHB Michael Weyman 0-0: Ball
1-0: Called Strike
1-1: Called Strike
1-2: Fly out, F7 (Flyball, 78S, EV 91.3 MPH)
Top of the 3rd over - 0 runs, 0 hits, 0 errors, 0 left on base; South Sydney 4 - Wests 2
BOTTOM OF THE 3RD
Wests Tigers batting - Pitching for South Sydney Rabbitohs : RHP Keith Bence
Batting: RHB Joel Farrell 0-0: Ball
1-0: SINGLE (Line Drive, 89S, EV 100.6 MPH)
Batting: LHB Greyson Leeder 0-0: Called Strike
0-1: Foul Ball, location: 7LSF
0-2: Ball
1-2: Ball
2-2: Ball
3-2: Base on Balls
Joel Farrell to second
Batting: RHB Luke Fowke 0-0: Ball
1-0: Ball
2-0: Ball
3-0: Called Strike
3-1: Swinging Strike
3-2: Foul Ball, location: 3F
3-2: Foul Ball, location: 7LSF
3-2: Foul Ball, location: 5F
3-2: Strikes out swinging
Batting: LHB Rapata Kaulo 0-0: Ball
1-0: Ball
2-0: Ball
3-0: Called Strike
3-1: Foul Ball, location: 3F
3-2: Foul Ball, location: 3F
3-2: Foul Ball, location: 3F
3-2: Strikes out swinging
Batting: RHB Joe Minto 0-0: Ball
1-0: Ball
2-0: Called Strike
2-1: Swinging Strike
2-2: Ball
3-2: SINGLE (Line Drive, 7LS, EV 90.6 MPH)
Joel Farrell to third
Greyson Leeder to second
Joel Farrell scores
Greyson Leeder to third
Batting: LHB Davin Gilder 0-0: Called Strike
0-1: Ball
Pickoff Throw to First - Out! 1-3
Bottom of the 3rd over - 1 run, 2 hits, 0 errors, 1 left on base; South Sydney 4 - Wests 3
TOP OF THE 4TH
South Sydney Rabbitohs batting - Pitching for Wests Tigers : RHP Steven Webster
Batting: RHB Arnie Bartelot 0-0: Ball
1-0: Ball
2-0: SINGLE (Groundball, 4MS, EV 71.9 MPH) (infield hit)
Batting: RHB Axel Winson 0-0: Called Strike
0-1: Swinging Strike
0-2: Ball
Arnie Bartelot steals 2nd base
1-2: Ball
2-2: Ball
3-2: Base on Balls
Batting: RHB Oliver Trick 0-0: Called Strike
0-1: Ball
1-1: Ball
2-1: Foul Ball, location: 5FF
2-2: Strikes out swinging
Batting: RHB Keith Bence 0-0: Called Strike
0-1: Sac Bunt to 13S - play at first, batter OUT! 1-4
Arnie Bartelot to third
Axel Winson to second
Batting: LHB Clint Soper 0-0: Ball
1-0: Swinging Strike
1-1: Swinging Strike
1-2: Ball
2-2: Strikes out swinging
Top of the 4th over - 0 runs, 1 hit, 0 errors, 2 left on base; South Sydney 4 - Wests 3
BOTTOM OF THE 4TH
Wests Tigers batting - Pitching for South Sydney Rabbitohs : RHP Keith Bence
Batting: LHB Davin Gilder 0-0: Foul Ball, location: 25FF
0-1: Ball
1-1: Foul Ball, location: 7LSF
1-2: Strikes out swinging
Batting: RHB Paul Llewellyn 0-0: Ball
1-0: Swinging Strike
1-1: Ball
2-1: Called Strike
2-2: Ball
3-2: Ground out U3 (Groundball, 34, EV 79.4 MPH)
Batting: RHB Steven Webster 0-0: Foul Ball, location: 5F
0-1: Ball
1-1: Ball
2-1: Ball
3-1: Called Strike
3-2: Fly out, F7 (Flyball, 7S, EV 79.4 MPH)
Bottom of the 4th over - 0 runs, 0 hits, 0 errors, 0 left on base; South Sydney 4 - Wests 3
TOP OF THE 5TH
South Sydney Rabbitohs batting - Pitching for Wests Tigers : RHP Steven Webster
Batting: RHB Ian Hogan 0-0: Fly out, F4 (Popup, 4, EV 69.4 MPH)
Batting: RHB Kirby Hooley 0-0: Ground out U3 (Groundball, 3, EV 88.1 MPH)
Batting: RHB Pete Vinson 0-0: Called Strike
0-1: Hit by Pitch
Batting: RHB Michael Weyman 0-0: Called Strike
0-1: Ball
1-1: Ball
2-1: Ball
3-1: Base on Balls
Pete Vinson to second
Batting: RHB Arnie Bartelot 0-0: Fly out, F6 (Popup, 6D, EV 45.0 MPH)
Top of the 5th over - 0 runs, 0 hits, 0 errors, 2 left on base; South Sydney 4 - Wests 3
BOTTOM OF THE 5TH
Wests Tigers batting - Pitching for South Sydney Rabbitohs : RHP Keith Bence
Batting: RHB Shane Esmond 0-0: Ball
1-0: Called Strike
1-1: Ground out 6-3 (Groundball, 6, EV 106.9 MPH)
Batting: RHB Joel Farrell 0-0: SINGLE (Line Drive, 56D, EV 104.4 MPH)
Batting: LHB Greyson Leeder 0-0: Ball
1-0: DOUBLE (Line Drive, 8LXD, EV 100.6 MPH)
Joel Farrell to third
Runner from 3rd tries for Home, SAFE, no throw by CF
Batting: RHB Luke Fowke 0-0: Fly out, F7 (Flyball, 78S, EV 78.1 MPH)
Batting: LHB Rapata Kaulo 0-0: Ball
1-0: Called Strike
1-1: Ball
2-1: Ball
3-1: Foul Ball, location: 2F
3-2: Foul Ball, location: 7LMF
3-2: Fly out, F8 (Flyball, 78S, EV 85.6 MPH)
Bottom of the 5th over - 1 run, 2 hits, 0 errors, 1 left on base; South Sydney 4 - Wests 4
TOP OF THE 6TH
South Sydney Rabbitohs batting - Pitching for Wests Tigers : RHP Steven Webster
Batting: RHB Axel Winson 0-0: Ground out 6-3 (Groundball, 6, EV 83.8 MPH)
Batting: RHB Oliver Trick 0-0: Called Strike
0-1: Swinging Strike
0-2: Ball
1-2: Ball
2-2: Foul Ball, location: 9LDF
2-2: Ground out 5-3 (Groundball, 5L, EV 91.3 MPH)
Pinch Hitting: SHB Orren Norwood 0-0: SINGLE (Line Drive, 34D, EV 99.4 MPH)
Batting: LHB Clint Soper 0-0: Called Strike
0-1: Called Strike
0-2: Strikes out swinging
Top of the 6th over - 0 runs, 1 hit, 0 errors, 1 left on base; South Sydney 4 - Wests 4
BOTTOM OF THE 6TH
Wests Tigers batting - Pitching for South Sydney Rabbitohs : RHP Keith Bence
Pitching: LHP Ben Pearn
Batting: RHB Joe Minto 0-0: Called Strike
0-1: Foul Ball, location: 2F
0-2: Ball
1-2: Fly out, F7 (Flyball, 7S, EV 85.0 MPH)
Batting: LHB Davin Gilder 0-0: Called Strike
0-1: Swinging Strike
0-2: Strikes out swinging
Batting: RHB Paul Llewellyn 0-0: Ball
1-0: Ball
2-0: SINGLE (Groundball, 6MD, EV 95.0 MPH)
Pinch Hitting: RHB Daniel Gadd 0-0: Called Strike
0-1: Ball
1-1: Ball
2-1: Called Strike
2-2: Foul Ball, location: 9LMF
2-2: Foul Ball, location: 2F
2-2: Strikes out swinging
Bottom of the 6th over - 0 runs, 1 hit, 0 errors, 1 left on base; South Sydney 4 - Wests 4
TOP OF THE 7TH
South Sydney Rabbitohs batting - Pitching for Wests Tigers : RHP Steven Webster
Pitching: RHP Timothy Chapman
Batting: RHB Ian Hogan 0-0: Ball
1-0: Called Strike
1-1: Ball
2-1: Ball
3-1: Swinging Strike
3-2: SOLO HOME RUN (Flyball, 7LD, EV 93.8 MPH), Distance : 349 ft
Batting: RHB Kirby Hooley 0-0: Foul Ball, location: 2F
0-1: Ball
1-1: Fly out, F3 (Popup, 23F, EV 85.6 MPH)
Batting: RHB Pete Vinson 0-0: Called Strike
0-1: Called Strike
0-2: Ball
1-2: Strikes out looking
Batting: RHB Michael Weyman 0-0: Fly out, F5 (Popup, 5SF, EV 82.5 MPH)
Top of the 7th over - 1 run, 1 hit, 0 errors, 0 left on base; South Sydney 5 - Wests 4
BOTTOM OF THE 7TH
Wests Tigers batting - Pitching for South Sydney Rabbitohs : LHP Ben Pearn
Batting: RHB Shane Esmond 0-0: Foul Ball, location: 5F
0-1: Ball
1-1: Ball
2-1: Fly out, F8 (Line Drive, 8LD, EV 86.3 MPH)
Batting: RHB Joel Farrell 0-0: Foul Ball, location: 2LF
0-1: Ball
1-1: Ball
2-1: Swinging Strike
2-2: Strikes out swinging
Batting: LHB Greyson Leeder 0-0: Fly out, F8 (Flyball, 8RD, EV 84.4 MPH)
Bottom of the 7th over - 0 runs, 0 hits, 0 errors, 0 left on base; South Sydney 5 - Wests 4
TOP OF THE 8TH
South Sydney Rabbitohs batting - Pitching for Wests Tigers : RHP Timothy Chapman
Batting: RHB Arnie Bartelot 0-0: Called Strike
0-1: Ground out 5-3 (Groundball, 56S, EV 94.4 MPH)
Batting: RHB Axel Winson 0-0: Foul Ball, location: 2F
0-1: Ball
1-1: Called Strike
1-2: Strikes out looking
Batting: RHB Oliver Trick 0-0: Called Strike
0-1: Swinging Strike
0-2: Foul Ball, location: 2F
0-2: Foul Ball, location: 5F
0-2: Strikes out swinging
Top of the 8th over - 0 runs, 0 hits, 0 errors, 0 left on base; South Sydney 5 - Wests 4
BOTTOM OF THE 8TH
Wests Tigers batting - Pitching for South Sydney Rabbitohs : LHP Ben Pearn
Batting: RHB Luke Fowke 0-0: DOUBLE (Flyball, 8LXD, EV 111.3 MPH)
Batting: LHB Rapata Kaulo 0-0: Ball
1-0: Fly out, F7 (Flyball, 7, EV 90.6 MPH)
Batting: RHB Joe Minto 0-0: Foul Ball, location: 2F
0-1: Foul Ball, location: 9LDF
0-2: Ball
1-2: Foul Ball, location: 23F
1-2: Ball
2-2: Foul Ball, location: 2RF
2-2: Foul Ball, location: 25FF
2-2: Foul Ball, location: 9LMF
2-2: Ball
3-2: Base on Balls
Pinch Hitting: RHB Joe Champion 0-0: Fly out, F3 (Popup, 3SF, EV 76.9 MPH)
Batting: RHB Paul Llewellyn 0-0: Called Strike
0-1: Swinging Strike
0-2: Ball
1-2: Foul Ball, location: 9LMF
1-2: SINGLE (Line Drive, 3D, EV 98.8 MPH)
Luke Fowke to third
Joe Minto to second
Runner from 3rd tries for Home, throw by RF and OUT! 9-2
Bottom of the 8th over - 0 runs, 2 hits, 0 errors, 2 left on base; South Sydney 5 - Wests 4
TOP OF THE 9TH
South Sydney Rabbitohs batting - Pitching for Wests Tigers : RHP Timothy Chapman
Now in CF: Graeme Sayer
Pinch Hitting: RHB Don Seward 0-0: Foul Ball, location: 2F
0-1: Ball
1-1: Ball
2-1: Called Strike
2-2: Strikes out looking
Batting: LHB Clint Soper 0-0: Foul Ball, location: 7LSF
0-1: Ground out 4-3 (Groundball, 4, EV 86.9 MPH)
Batting: RHB Ian Hogan 0-0: Ball
1-0: Ball
2-0: Ball
3-0: Base on Balls
Pitching: RHP David Goddard
Batting: RHB Kirby Hooley 0-0: Ball
1-0: Ball
2-0: Fielders Choice at 2nd, U6 (Groundball, 6M, EV 97.5 MPH)
Top of the 9th over - 0 runs, 0 hits, 0 errors, 1 left on base; South Sydney 5 - Wests 4
BOTTOM OF THE 9TH
Wests Tigers batting - Pitching for South Sydney Rabbitohs : LHP Ben Pearn
Pitching: RHP Damion Giles
Pinch Hitting: LHB Daniel Bryan 0-0: SINGLE (Line Drive, 6MD, EV 109.4 MPH)
Pinch Hitting: LHB Joel Whittington 0-0: Ball
1-0: Ball
2-0: Sac Bunt to 25 - play at first, batter OUT! 5-4
Daniel Bryan to second
Batting: RHB Joel Farrell 0-0: Ball
1-0: Called Strike
1-1: Ball
2-1: Foul Ball, location: 23FF
2-2: Foul Ball, location: 2F
2-2: Fly out, F8 (Flyball, 8RXD, EV 109.4 MPH)
Runner from 2nd tags up, SAFE at 3rd, no throw by CF
Batting: LHB Greyson Leeder 0-0: Called Strike
0-1: Foul Ball, location: 23FF
0-2: Strikes out swinging
Bottom of the 9th over - 0 runs, 1 hit, 0 errors, 1 left on base; South Sydney 5 - Wests 4
Sunday, May 5th , 2024 - OOTP Baseball 24.9 Build 80